Map: Dusk Towers

Players

Grumm

  • Race: Protoss Protoss
  • League: Gold

cloudetix - Winner!

  • Race: Zerg Zerg

VOD

Have the link to the VOD?

Description

Time

  • Played on: Feb. 3, 2016, 4:17 p.m.
  • Length: 17:29
Show
View Real Time Build Order
Export as new Build Order

Grumm Protoss 

Build Orders: 1 Gate Expand, Oracle Opening, Zealot Archon 

Get SALT Encoding   

  12  0:01  Probe (Chrono Boost)  
  13  0:12  Probe (Chrono Boost)  
  14  0:21  Pylon  
  14  0:22  Probe (Chrono Boost)  
  15  0:31  Assimilator  
  15  0:39  Probe (Chrono Boost)  
  16  0:43  Gateway  
  17  0:50  Probe (Chrono Boost)  
  17  1:00  Probe (Chrono Boost)  
  18  1:11  Probe (Chrono Boost)  
  19  1:21  Assimilator  
  19  1:36  Nexus  
  19  1:46  Cybernetics Core  
  19  1:57  Zealot  
  19  1:58  Probe (Chrono Boost)  
  22  2:09  Probe (Chrono Boost)  
  22  2:10  Pylon  
  23  2:28  Assimilator, Probe (Chrono Boost)  
  23  2:39  Probe (Chrono Boost)  
  23  2:41  Stargate  
  24  2:47  Warp Gate  
  24  2:49  Probe (Chrono Boost), Stalker  
  27  2:53  Probe (Chrono Boost)  
  28  3:00  Probe (Chrono Boost)  
  29  3:11  Robotics Facility  
  29  3:14  Probe (Chrono Boost)  
  29  3:17  Probe (Chrono Boost)  
  31  3:27  Oracle  
  31  3:29  Probe (Chrono Boost)  
  31  3:30  Probe (Chrono Boost)  
  36  3:41  Twilight Council  
  36  3:46  Gateway  
  36  3:51  Pylon  
  36  3:54  Probe (Chrono Boost)  
  36  3:55  Probe (Chrono Boost)  
  38  4:00  Assimilator  
  38  4:11  Observer  
  38  4:15  Probe x2 (Chrono Boost)  
  41  4:22  Dark Shrine  
  41  4:25  Pylon  
  41  4:29  Probe x2 (Chrono Boost)  
  40  4:55  Void Ray  
  40  4:56  Immortal  
  40  4:57  Probe x2 (Chrono Boost)  
  50  5:02  Forge  
  50  5:03  Gateway  
  50  5:06  Gateway  
  50  5:08  Pylon  
  50  5:09  Probe x2 (Chrono Boost)  
  52  5:21  Stalker  
  52  5:23  Assimilator  
  54  5:31  Zealot  
  56  5:39  Protoss Ground Weapons Level 1  
  56  5:44  Probe (Chrono Boost)  
  57  6:28  Dark Templar  
  57  6:29  Dark Templar  
  57  6:30  Dark Templar  
  57  6:31  Dark Templar  
  65  6:34  Immortal  
  65  6:36  Archon x2  
  69  6:44  Probe (Chrono Boost)  
  70  6:48  Pylon  
  70  6:51  Pylon  
  70  7:02  Void Ray  
  70  7:06  Probe (Chrono Boost)  
  75  7:09  Zealot  
  75  7:10  Pylon  
  75  7:13  Warp Prism (Chrono Boost)  
  79  7:16  Pylon  
  79  7:18  Nexus  
  79  7:23  Dark Templar  
  79  7:24  Dark Templar  
  79  7:26  Dark Templar  
  85  7:34  Archon  
  85  7:39  Gateway  
  85  7:40  Gateway  
  85  7:44  Gateway  
  85  7:46  Gateway  
  85  7:48  Photon Cannon  
  85  7:55  Pylon  
  85  7:59  Gateway  
  85  8:02  Pylon  
  85  8:04  Assimilator  
  85  8:13  Dark Templar x4  
  91  8:45  Zealot  
  91  8:46  Zealot x6  
  91  8:47  Zealot  
  107  8:57  Pylon  
  107  9:00  Photon Cannon  
  107  9:09  Gateway  
  107  9:13  Probe  
  107  9:14  Probe x2  
  110  9:23  Probe  
  110  9:26  Probe x2  
  110  9:28  Dark Templar  
  110  9:29  Dark Templar x5  
  125  9:32  Stalker  
  125  9:33  Archon  
  125  9:34  Archon x2  
  127  9:46  Observer (Chrono Boost)  
  119  10:46  Dark Templar x4  
  119  10:47  Zealot x2  
  65  11:04  Void Ray  
  62  11:14  Immortal (Chrono Boost)  
  62  11:15  Dark Templar x3  
  64  11:25  Archon  
  64  11:34  Robotics Bay  
  64  11:35  Robotics Facility  
  64  11:38  Assimilator  
  64  11:52  Observer (Chrono Boost)  
  65  11:55  Zealot  
  65  11:56  Zealot x3  
  65  11:58  Dark Templar x2  
  77  12:02  Archon  
  77  12:24  Colossus (Chrono Boost)  
  77  12:26  Colossus (Chrono Boost)  
  80  12:46  Dark Templar  
  80  12:47  Dark Templar  
  66  12:55  Dark Templar  
  53  13:24  Observer (Chrono Boost)  
  53  13:25  Observer (Chrono Boost)  
  51  14:09  Stalker x2  
  55  14:10  Stalker  
  55  14:11  Stalker  
  59  14:21  Disruptor (Chrono Boost)  
  65  14:24  Disruptor (Chrono Boost)  
  55  15:20  Stalker  
  55  15:21  Stalker x3  
  66  15:28  Disruptor (Chrono Boost)  
  66  15:35  Photon Cannon  
  66  15:38  Gateway  
  66  15:41  Extended Thermal Lance  
  68  16:04  Warp Prism (Chrono Boost)  
  67  16:30  Dark Templar  
  67  16:31  Dark Templar  
  71  16:32  Zealot x2  
Show
View Real Time Build Order
Export as new Build Order

cloudetix Zerg - Winner!

Build Orders: Hatch First, Lurkers 

Get SALT Encoding   

  12  0:01  Drone  
  13  0:13  Overlord  
  13  0:18  Drone  
  14  0:33  Drone x2  
  16  0:36  Drone  
  17  0:55  Hatchery  
  16  0:58  Drone  
  17  1:12  Spawning Pool  
  17  1:15  Drone  
  17  1:19  Extractor  
  17  1:20  Drone  
  17  1:28  Drone  
  18  1:34  Overlord  
  18  1:46  Drone  
  19  1:58  Queen  
  19  2:00  Zergling x2  
  22  2:06  Zergling x2  
  23  2:10  Queen  
  23  2:13  Drone x2  
  27  2:27  Metabolic Boost  
  27  2:36  Queen  
  29  2:41  Drone  
  29  2:42  Drone x3  
  33  2:51  Extractor  
  33  2:55  Drone x2  
  34  3:05  Spore Crawler  
  32  3:06  Spore Crawler  
  32  3:07  Drone x2  
  32  3:08  Drone x2  
  35  3:20  Overlord  
  35  3:22  Overlord  
  35  3:38  Queen  
  35  3:39  Lair  
  37  3:48  Hatchery  
  36  3:56  Drone  
  36  3:57  Drone x3  
  40  4:12  Drone  
  40  4:13  Drone x6  
  47  4:30  Queen  
  49  4:32  Drone x2, Extractor  
  49  4:33  Drone, Extractor  
  49  4:36  Drone  
  51  4:40  Overlord x2  
  51  4:53  Overlord x2  
  51  5:01  Overseer  
  51  5:10  Drone x8  
  59  5:25  Overlord  
  59  5:26  Overlord  
  59  5:33  Evolution Chamber, Queen  
  59  5:34  Evolution Chamber  
  59  5:35  Hatchery  
  59  5:41  Drone  
  59  5:42  Drone x5  
  64  5:45  Hydralisk Den  
  64  5:48  Zergling x2  
  64  5:49  Zergling x8  
  68  6:00  Zerg Melee Weapons Level 1  
  68  6:01  Zerg Ground Armor Level 1  
  68  6:09  Overseer  
  68  6:15  Muscular Augments  
  68  6:25  Spore Crawler  
  68  6:26  Overseer x2  
  68  6:28  Zergling x2  
  68  6:29  Zergling x28  
  68  6:30  Zergling x2  
  83  6:38  Spine Crawler  
  82  6:42  Spine Crawler  
  82  6:44  Spine Crawler  
  82  6:45  Drone  
  82  6:46  Drone x5  
  86  6:56  Pneumatized Carapace  
  86  7:06  Drone x2  
  87  7:09  Infestation Pit  
  87  7:14  Extractor x2  
  84  7:25  Drone  
  84  7:26  Drone x15  
  100  7:34  Hatchery  
  100  7:36  Hydralisk x2  
  101  7:39  Overlord x2  
  103  7:52  Hive  
  103  7:53  Lurker Den  
  103  8:00  Spire  
  103  8:01  Zerg Ground Armor Level 2, Zerg Melee Weapons Level 2  
  102  8:12  Hydralisk  
  102  8:13  Hydralisk x4  
  102  8:16  Zergling x6  
  102  8:17  Zergling x8  
  119  8:58  Zergling x8  
  119  8:59  Zergling x6  
  119  9:01  Overlord x4  
  119  9:02  Overlord  
  126  9:10  Overlord x3  
  126  9:11  Overlord x2  
  126  9:25  Greater Spire  
  126  9:27  Pathogen Glands  
  126  9:30  Adrenal Glands  
  126  9:38  Spore Crawler  
  125  9:54  Spine Crawler  
  125  9:55  Spine Crawler x2  
  122  10:03  Overseer  
  122  10:09  Ultralisk Cavern  
  117  10:19  Hydralisk x6  
  117  10:20  Hydralisk x16  
  151  10:38  Queen  
  126  11:09  Queen x2  
  130  11:14  Queen  
  130  11:16  Lair  
  130  11:26  Zerg Melee Weapons Level 3  
  130  11:27  Zerg Ground Armor Level 3  
  130  11:28  Hatchery  
  129  11:33  Ultralisk Cavern  
  128  11:44  Queen  
  130  12:02  Lurker x8  
  138  12:20  Corruptor  
  138  12:21  Overlord, Corruptor x2  
  139  12:44  Zergling x22  
  136  12:45  Zergling x56  
  157  13:08  Overseer  
  143  13:30  Chitinous Plating  
  136  13:35  Drone  
  136  13:36  Drone x7  
  136  13:41  Hatchery  
  139  13:49  Hatchery  
  138  13:55  Corruptor  
  138  13:56  Corruptor x3  
  146  14:08  Zerg Missile Weapons Level 1  
  140  14:18  Spine Crawler  
  140  14:23  Spore Crawler  
  137  14:30  Drone x7  
  141  14:49  Corruptor  
  141  14:50  Corruptor  
  137  15:19  Corruptor  
  137  15:20  Corruptor x4  
  147  15:33  Extractor  
  147  15:34  Extractor  
  145  15:36  Drone x9  
  154  16:16  Brood Lord  
  154  16:17  Brood Lord x2  
  160  16:29  Corruptor x6  
  172  16:33  Lurker x2  
  172  16:34  Lurker x2  
  176  16:56  Corruptor x4  
  176  16:57  Corruptor  
Tags
 
Add a new tag
Caveats
  • Supply blocks, unpowered buildings, or Contaminate may cause inaccurate times.
  • Supply counts are checked every 10 seconds.